[Event "Team 45 45 League T59"]
[Site "Internet Chess Club"]
[Date "2013.12.08"]
[Round "3"]
[White "nidusin2"]
[Black "Baseta"]
[Result "1-0"]
[WhiteElo "1644"]
[BlackElo "1800"]
[Opening "French: Winawer, advance variation"]
[ECO "C16"]
[Time "08:00:14"]
[TimeControl "2700+45"]

1. e4 e6 2. d4 d5 3. Nc3 Bb4 4. e5 b6 5. Bb5+ c6 6. Bd3 Ba6 7. Nf3 Bxd3 8. Qxd3
Ne7 9. a3 Bxc3+ 10. bxc3 O-O 11. Ng5 Ng6 12. h4 h6 13. h5 hxg5 14. hxg6 g4 15.
Qg3 fxg6 16. Qxg4 Kf7 17. Bg5 Qd7 18. Rh7 Na6 19. Bf6 Rg8 20. Rd1 Raf8 21. Rd3
Ke8 22. Qxg6+ Qf7 23. Qxf7+ Rxf7 24. Bg5 c5 25. Rdh3 c4 26. Rh8 Rff8 27. Rxg8
Rxg8 28. Rg3 Nc7 29. a4 Rh8 30. Rh3 Rxh3 31. gxh3 b5 32. a5 Na6 33. Kd1 Nb8 34.
Kc1 a6 35. Kb2 Nc6 36. Ka3 Nxa5 37. Kb4 Nb7 38. h4 g6 39. Bf6 Kd7 40. Bg5 Kc6
41. Be7 a5+ 42. Ka3 Kd7 43. Bf8 Nd8 44. Bc5 Nb7 45. Bf8 Ke8 46. Bg7 Nd8 47. Bf6
Nc6 48. Bg5 b4+ 49. cxb4 axb4+ 50. Ka4 Nxd4 51. Kxb4 Nc6+ 52. Kc5 Kd7 53. Bf4
Kc7 54. Bg3 Ne7 55. f4 Nf5 56. Bf2 Kd7 57. Kb5 Ke7 58. Kb4 Kf7 59. Kc3 Kg7 60.
Kd2 Kh6 61. Ke2 Kh5 62. Kf3 Nxh4+ 63. Kg3 Nf5+ 64. Kf3 Kh6 65. Bc5 Kg7 66. c3
Kf7 67. Kg4 Ng7 68. Kg5 Nh5 69. Bf2 Ng7 70. Kg4 Nf5 71. Kf3 Ke7 72. Ke2 Kd7 73.
Kd2 Kc6 74. Kc2 Kb5 75. Kb2 Ne7 76. Bh4 Nc6 77. Bf2 Na5 78. Ka3 Nb3 79. Kb2 Nc5
80. Be3 Ne4 81. Kc2 Ka5 82. Kb2 Ka4 83. Bd4 Nd2 84. Be3 Nb3 85. Ka2 Na5 86. Kb2
Kb5 87. Kc2 Nc6 88. Bf2 Ne7 89. Kd2 Ka4 90. Kc2 Ka3 91. Bc5+ {Black resigns} 1-0

[Event "Team 45 45 League T59"]
[Site "Internet Chess Club"]
[Date "2013.12.08"]
[Round "3"]
[White "calily"]
[Black "isolani"]
[Result "0-1"]
[WhiteElo "1614"]
[BlackElo "1616"]
[Opening "Queen's Indian: old main line, 7.Nc3"]
[ECO "E18"]
[Time "09:00:21"]
[TimeControl "2700+45"]

1. Nf3 Nf6 2. g3 b6 3. Bg2 Bb7 4. d4 e6 5. O-O Be7 6. c4 O-O 7. Nc3 d5 8. b3 Na6
9. Bb2 c5 10. dxc5 bxc5 11. cxd5 exd5 12. e3 Rb8 13. Qc2 Nb4 14. Qd2 Ba6 15.
Rfd1 Nd3 16. Bf1 c4 17. Bxd3 cxd3 18. Ne5 Ne4 19. Nc6 Nxd2 20. Nxd8 Rfxd8 21.
Rxd2 Rbc8 22. Rc1 d4 23. exd4 Rxd4 24. f4 h5 25. Kf2 Bc5 26. Na4 Rxf4+ 27. Kg2
Rf5 28. Nxc5 Rcxc5 29. Rxc5 Rxc5 30. Kf3 Rc2 31. Rxc2 dxc2 32. Ke3 Bc8 33. b4 g5
34. a4 Kh7 35. Kd3 Bf5+ 36. Kd4 h4 37. gxh4 gxh4 38. b5 Kg6 39. a5 Bh3 40. b6
axb6 41. axb6 Bg2 42. Kc5 Kf5 43. Kd6 Kf4 44. Ke7 f5 45. Kf6 Be4 46. Kg6 Kg4 47.
Bc1 f4+ 48. Kf6 f3 49. Be3 f2 {White resigns} 0-1

[Event "Team 45 45 League T59"]
[Site "Internet Chess Club"]
[Date "2013.12.05"]
[Round "3"]
[White "Andressa"]
[Black "Insan996"]
[Result "0-1"]
[WhiteElo "1466"]
[BlackElo "1587"]
[Opening "Caro-Kann defense"]
[ECO "B10"]
[Time "19:05:44"]
[TimeControl "2700+45"]

1. e4 c6 2. Nf3 d5 3. exd5 cxd5 4. d4 Nf6 5. Nc3 Bg4 6. h3 Bxf3 7. Qxf3 e6 8. a3
Be7 9. Bd3 O-O 10. O-O a6 11. Re1 b5 12. Qg3 Bd6 13. Bf4 Nh5 14. Bg5 Nxg3 15.
Bxd8 Rxd8 16. fxg3 Bxg3 17. Re3 Bh4 18. Rf1 Nc6 19. Ne2 Na5 20. Ref3 Rf8 21. Rf4
Bg5 22. Rg4 Bh6 23. Nf4 Nc4 24. Bxc4 bxc4 25. Nh5 f5 26. Rg3 Rab8 27. b3 cxb3
28. Rxb3 Rxb3 29. cxb3 Be3+ 30. Kh1 Bxd4 31. Nf4 Kf7 32. Re1 Re8 33. a4 g5 34.
Ne2 Bf2 35. Rc1 a5 36. Rc7+ Re7 37. Rc8 Rb7 38. Rc3 d4 39. Rd3 e5 40. Rf3 Be3
41. Rxf5+ Ke6 42. g4 Rxb3 43. Ng3 Rb1+ 44. Kg2 Bf4 45. Ne4 Kd5 46. Nf6+ Kc4 47.
Ne4 d3 48. Rxf4 exf4 49. Nd2+ Kc3 50. Nxb1+ Kb2 51. Nd2 Kc2 52. Nc4 d2 {White
resigns} 0-1

[Event "Team 45 45 League T59"]
[Site "Internet Chess Club"]
[Date "2013.12.08"]
[Round "3"]
[White "Stiltzkin"]
[Black "AVEMARIA"]
[Result "1/2-1/2"]
[WhiteElo "1620"]
[BlackElo "1678"]
[Opening "QGD Slav: Krause attack"]
[ECO "D17"]
[Time "15:01:21"]
[TimeControl "2700+45"]

1. d4 d5 2. c4 c6 3. Nf3 Nf6 4. Nc3 dxc4 5. a4 Bf5 6. Ne5 Nbd7 7. Nxc4 Nb6 8.
Nxb6 Qxb6 9. a5 Qc7 10. a6 b6 11. g3 Rd8 12. Bf4 Qd7 13. Bg2 e6 14. Qa4 b5 15.
Qd1 Nd5 16. Nxd5 exd5 17. O-O Bd6 18. Bxd6 Qxd6 19. Qd2 O-O 20. Rfc1 Rfe8 21.
Rc5 Re7 22. Rac1 Bd7 23. e3 g6 24. h4 Qb8 25. Qa5 Qb6 26. Qxb6 axb6 27. R5c3 Ra8
28. Ra3 Ra7 29. b4 h5 30. Kh2 Re6 31. Bh3 f5 32. Re1 Re8 33. f3 Re7 34. Kg2 Kg7
35. Kf2 Kf6 36. Bg2 Re8 37. e4 fxe4 38. fxe4 dxe4 39. Bxe4 Rc8 40. Ke3 c5 41.
bxc5 bxc5 42. Rf1+ Kg7 43. dxc5 Rxc5 44. Rd1 Be6 45. Rd8 b4 46. Ra4 Rc3+ 47. Kd2
Ra3 48. Rxb4 R3xa6 49. Rbb8 Ra2+ 50. Ke3 R7a3+ 51. Kf4 Rf2+ 52. Ke5 Rf6 53. Rb7+
Bf7 54. Rdd7 Re6+ 55. Kf4 Rf6+ 56. Ke5 Rxg3 57. Bd5 Rf5+ 58. Ke4 Rg4+ 59. Ke3
Rgf4 60. Ke2 {Game drawn by mutual agreement} 1/2-1/2

[Event "Team 45 45 League T59"]
[Site "Internet Chess Club"]
[Date "2013.12.06"]
[Round "3"]
[White "pokerram"]
[Black "Kingofknights"]
[Result "1-0"]
[WhiteElo "1730"]
[BlackElo "1803"]
[Opening "Caro-Kann: Steinitz variation"]
[ECO "B17"]
[Time "13:30:09"]
[TimeControl "2700+45"]

1. e4 c6 2. d4 d5 3. Nc3 dxe4 4. Nxe4 Nd7 5. Ng5 Ngf6 6. Bd3 e6 7. N1f3 h6 8.
Ne4 Nxe4 9. Bxe4 Nf6 10. Bd3 Bd6 11. Qe2 O-O 12. Bd2 Nd5 13. g3 Nb4 14. Bxb4
Bxb4+ 15. c3 Bd6 16. O-O-O c5 17. dxc5 Qa5 18. cxd6 Qxa2 19. Bb1 Qa4 20. Qd3
{Black resigns} 1-0

[Event "Team 45 45 League T59"]
[Site "Internet Chess Club"]
[Date "2013.12.08"]
[Round "3"]
[White "whiskeytown"]
[Black "Megasus"]
[Result "1-0"]
[WhiteElo "1631"]
[BlackElo "1587"]
[Opening "Sicilian: Nimzovich-Rossolimo attack (without ...d6)"]
[ECO "B30"]
[Time "21:31:16"]
[TimeControl "2700+45"]

1. e4 c5 2. Nf3 Nc6 3. Bb5 d6 4. O-O Bd7 5. c3 a6 6. Bxc6 bxc6 7. c4 e5 8. Nc3
h6 9. d3 Nf6 10. h3 Be6 11. Be3 Qc8 12. Nh2 g5 13. f3 Nh5 14. Ng4 Be7 15. Qe1
Nf4 16. Bxf4 gxf4 17. Rb1 h5 18. Nh2 Rg8 19. Kh1 Bxh3 20. gxh3 Qxh3 21. Rg1 Kd7
22. Qf1 Rg3 23. Qxh3+ Rxh3 24. Rg7 Ke6 25. Rbg1 Rb8 26. b3 Bh4 27. Kg2 Rg3+ 28.
Rxg3 fxg3 29. Nf1 Rg8 30. Kh3 Be7 31. Rxg3 Rxg3+ 32. Nxg3 h4 33. Nf5 Bf6 34.
Nxh4 Bxh4 35. Kxh4 f5 36. Kg5 f4 37. Kg6 a5 38. a4 Ke7 39. Kf5 Kf7 40. Ne2 Ke7
41. Ng1 Kf7 42. Nh3 Ke7 43. Ng5 Kd7 44. Kf6 {Black resigns} 1-0

[Event "Team 45 45 League T59"]
[Site "Internet Chess Club"]
[Date "2013.12.08"]
[Round "3"]
[White "PJ"]
[Black "chess9397"]
[Result "0-1"]
[WhiteElo "1624"]
[BlackElo "1847"]
[Opening "Ruy Lopez: 5.O-O"]
[ECO "C78"]
[Time "12:00:34"]
[TimeControl "2700+45"]

1. e4 e5 2. Nf3 Nc6 3. Bb5 a6 4. Ba4 Nf6 5. O-O b5 6. Bb3 Bc5 7. c3 d6 8. d4 Bb6
9. h3 O-O 10. Bg5 h6 11. Bh4 Bb7 12. dxe5 Nxe5 13. Nxe5 dxe5 14. Qxd8 Raxd8 15.
Bxf6 gxf6 16. Re1 c5 17. Kf1 c4 18. Bc2 Kh8 19. Ke2 f5 20. exf5 Bxg2 21. Nd2 f6
22. Rad1 Rg8 23. Ne4 Bxh3 24. Rxd8 Rxd8 25. Nxf6 Kg7 26. Nh5+ Kf7 27. Ng3 Bg2
28. Rd1 Rxd1 29. Bxd1 Kf6 30. Bc2 Kg5 31. Ne4+ Kxf5 32. Ng3+ Kg5 33. Be4 Bxe4
34. Nxe4+ Kh4 35. Kf3 h5 36. b3 cxb3 37. axb3 Kh3 38. Nd6 h4 39. c4 bxc4 40.
Nxc4 Bd4 41. Nd2 Kh2 42. Ne4 h3 43. Ng5 a5 44. Ke2 Kg2 45. Nf3 h2 46. Ne1+ Kh3
{White resigns} 0-1

[Event "Team 45 45 League T59"]
[Site "Internet Chess Club"]
[Date "2013.12.07"]
[Round "3"]
[White "DouDou"]
[Black "rom1"]
[Result "1-0"]
[WhiteElo "1863"]
[BlackElo "1584"]
[Opening "Alekhine's defense"]
[ECO "B03"]
[Time "12:00:51"]
[TimeControl "2700+45"]

1. e4 Nf6 2. e5 Nd5 3. d4 d6 4. c4 Nb6 5. Nf3 Bg4 6. Be2 dxe5 7. c5 Nd5 8. Nxe5
Bxe2 9. Qxe2 Nc6 10. Nxc6 bxc6 11. O-O e6 12. Nd2 Be7 13. Nc4 O-O 14. Ne5 Qe8
15. Bd2 f6 16. Nf3 e5 17. b4 exd4 18. Nxd4 Qd7 19. Rfe1 Rfe8 20. Qa6 Nxb4 21.
Qc4+ Nd5 22. Rab1 Kh8 23. Re6 Rab8 24. Rb3 f5 25. h3 Rbd8 26. Rxc6 Bf6 27. Ra6
Re4 28. Rd3 c6 29. f3 Bxd4+ 30. Rxd4 Rxd4 31. Qxd4 Nf6 32. Qxd7 Rxd7 33. Be3 Nd5
34. Bf2 Rc7 35. a3 Kg8 36. g4 f4 37. h4 h6 38. h5 Kf7 39. Kf1 Ke6 40. Ke2 Nc3+
41. Kd3 Nd1 42. Bd4 Kd5 43. Ra4 Rd7 44. Rb4 Ke6 45. Ke4 Ne3 46. Bxe3 fxe3 47.
Kxe3 Rd5 48. Rb7 Rxc5 49. Rxg7 Rc3+ 50. Kf4 Rxa3 51. Rg6+ Kd5 52. Rxh6 c5 53. g5
c4 54. g6 c3 55. g7 Ra4+ 56. Kg3 {Black resigns} 1-0

[Event "Team 45 45 League T59"]
[Site "Internet Chess Club"]
[Date "2013.12.07"]
[Round "3"]
[White "ani"]
[Black "Tjet"]
[Result "0-1"]
[WhiteElo "1282"]
[BlackElo "1552"]
[Opening "Philidor: exchange variation"]
[ECO "B07"]
[Time "18:00:50"]
[TimeControl "2700+45"]

1. e4 d6 2. d4 e5 3. Nf3 exd4 4. Qxd4 Nc6 5. Qd1 Nf6 6. Nc3 Be7 7. Bc4 O-O 8.
O-O a6 9. Bb3 Na5 10. Bf4 Nxb3 11. axb3 Nh5 12. Be3 Nf6 13. Qe2 Bg4 14. h3 Bxf3
15. Qxf3 Re8 16. Rfe1 Nd7 17. Bd2 c6 18. Rad1 Ne5 19. Qg3 Ng6 20. f4 Bh4 21. Qg4
Bxe1 22. Rxe1 Qf6 23. f5 Ne5 24. Qg3 g6 25. Bg5 Qg7 26. f6 Qf8 27. Qh4 h5 28.
Rf1 d5 29. exd5 Qc5+ 30. Kh1 cxd5 31. g4 Qd4 32. Rf4 Qe3 33. gxh5 Nf3 34. Rg4
Nxh4 {White resigns} 0-1

[Event "Team 45 45 League T59"]
[Site "Internet Chess Club"]
[Date "2013.12.07"]
[Round "3"]
[White "mugurelt"]
[Black "predator121"]
[Result "0-1"]
[WhiteElo "1738"]
[BlackElo "1735"]
[Opening "English: symmetrical variation"]
[ECO "A34"]
[Time "22:42:56"]
[TimeControl "2700+45"]

1. c4 c5 2. Nc3 e6 3. Nf3 a6 4. d4 cxd4 5. Nxd4 Nc6 6. g3 Bc5 7. Nf3 h6 8. Bg2
Nf6 9. O-O d5 10. cxd5 exd5 11. e3 Be6 12. a3 Qd7 13. b4 Ba7 14. Bb2 O-O 15. Ne2
Ne8 16. Nf4 Rd8 17. Nxe6 fxe6 18. Qc2 Nd6 19. Nh4 Nc4 20. Bc1 N4e5 21. Bh3 d4
22. Qb3 Rf6 23. Nf5 Kh8 24. Nxd4 Nxd4 25. exd4 Bxd4 26. Be3 Bxa1 27. Rxa1 Qd5
28. Qxd5 exd5 29. Bb6 Re8 30. Rd1 Rxb6 {White resigns} 0-1

[Event "Team 45 45 League T59"]
[Site "Internet Chess Club"]
[Date "2013.12.05"]
[Round "3"]
[White "JasonModer"]
[Black "noblitz-oblige"]
[Result "1-0"]
[WhiteElo "1619"]
[BlackElo "1631"]
[Opening "Kevitz-Trajkovich defense"]
[ECO "A40"]
[Time "19:30:40"]
[TimeControl "2700+45"]

1. d4 Nc6 2. c4 Nf6 3. Nc3 e5 4. d5 Ne7 5. e4 Ng6 6. Nf3 Bc5 7. Be2 d6 8. O-O
O-O 9. Bd2 Re8 10. Qc2 c6 11. Rac1 Bd7 12. Rfe1 cxd5 13. exd5 Ng4 14. Nd1 Qb6
15. Rf1 Nf4 16. Bxf4 exf4 17. Ng5 g6 18. Bxg4 Bxg4 19. Nc3 Bf5 20. Qd2 h6 21.
Nf3 Bd7 22. Rfe1 g5 23. Ne4 Kf8 24. Nf6 Rxe1+ 25. Rxe1 Bf5 26. Nh4 Bxf2+ 27.
Qxf2 Qxf2+ 28. Kxf2 gxh4 29. Kf3 Bd3 30. b3 Bg6 31. Kxf4 Rc8 32. Kg4 Rc7 33.
Kxh4 Re7 34. Rxe7 Kxe7 35. Ng4 h5 36. Ne3 Bb1 37. a3 Bg6 38. g4 hxg4 39. Kxg4
Kf6 40. Kf4 Bd3 41. h4 Kg6 42. b4 Kf6 43. Ng4+ Kg6 44. c5 {Black resigns} 1-0

[Event "Team 45 45 League T59"]
[Site "Internet Chess Club"]
[Date "2013.12.07"]
[Round "3"]
[White "RD1974"]
[Black "Nxs123"]
[Result "1-0"]
[WhiteElo "1681"]
[BlackElo "1546"]
[Opening "French: King's Indian attack"]
[ECO "C00"]
[Time "19:00:46"]
[TimeControl "2700+45"]

1. e4 e6 2. d3 d5 3. Nd2 Nf6 4. Ngf3 Nc6 5. g3 Bc5 6. c3 a5 7. Bg2 dxe4 8. dxe4
e5 9. h3 O-O 10. O-O b6 11. Qc2 Qe7 12. Re1 Ba6 13. Nb3 Rad8 14. Nxc5 Qxc5 15.
Be3 Qe7 16. Rad1 h6 17. Nh4 Qe6 18. Qc1 Ne7 19. f4 exf4 20. Bxf4 Rxd1 21. Qxd1
Qxa2 22. e5 Nh7 23. Qd7 g5 24. Qxe7 gxf4 25. e6 fxe6 26. Rxe6 Qb1+ 27. Kh2 fxg3+
28. Kxg3 Qd3+ 29. Kh2 Rf7 30. Rg6+ Qxg6 31. Qe8+ Kg7 32. Nxg6 Kxg6 33. Be4+
{Black resigns} 1-0

[Event "Team 45 45 League T59"]
[Site "Internet Chess Club"]
[Date "2013.12.08"]
[Round "3"]
[White "Littlemon"]
[Black "arnx813"]
[Result "1-0"]
[WhiteElo "1463"]
[BlackElo "1360"]
[Opening "QGD: Tarrasch defense"]
[ECO "D32"]
[Time "19:00:55"]
[TimeControl "2700+45"]

1. d4 d5 2. c4 e6 3. Nc3 c5 4. e3 Nc6 5. Nf3 Nf6 6. cxd5 exd5 7. Bb5 Bd7 8. dxc5
Bg4 9. O-O Bxc5 10. h3 Bxf3 11. Qxf3 O-O 12. Rd1 Ne7 13. Ba4 Qd6 14. a3 Rfd8 15.
b4 Bb6 16. Bb2 Qe5 17. Rd2 Ne4 18. Nxe4 Qxe4 19. Qxe4 dxe4 20. Rad1 Rab8 21. Be5
Ra8 22. Rd7 Ng6 23. Bg3 h6 24. Rxb7 Rxd1+ 25. Bxd1 Rd8 26. Rb8 Rxb8 27. Bxb8 Ne7
28. Bd6 Nc8 29. Be5 f6 30. Bc3 Nd6 31. a4 Nc4 32. Bb3 {Black resigns} 1-0

[Event "Team 45 45 League T59"]
[Site "Internet Chess Club"]
[Date "2013.12.09"]
[Round "3"]
[White "kavinkvels"]
[Black "joehempel"]
[Result "0-1"]
[WhiteElo "1574"]
[BlackElo "1678"]
[Opening "Sicilian: Canal-Sokolsky (Nimzovich-Rossolimo, Moscow) attack"]
[ECO "B51"]
[Time "09:00:36"]
[TimeControl "2700+45"]

1. e4 c5 2. Nf3 d6 3. Bb5+ Nc6 4. O-O Bd7 5. Nc3 Nf6 6. Re1 h6 7. d4 cxd4 8.
Nxd4 Nxd4 9. Bxd7+ Qxd7 10. Qxd4 e5 11. Qd3 Be7 12. Bd2 O-O 13. Re3 Rac8 14. Rg3
Nh5 15. Rh3 Nf6 16. Qg3 h5 17. f3 g6 18. Bg5 Qc6 19. Bxf6 Bxf6 20. Nd5 Bd8 21.
c3 Kh7 22. Rf1 Qb5 23. Qf2 f5 24. Qd2 fxe4 25. fxe4 Qxf1# {White checkmated} 0-1

[Event "Team 45 45 League T59"]
[Site "Internet Chess Club"]
[Date "2013.12.08"]
[Round "3"]
[White "amicusUK"]
[Black "skwex"]
[Result "1-0"]
[WhiteElo "1667"]
[BlackElo "1560"]
[Opening "QGD Slav: exchange variation"]
[ECO "D13"]
[Time "15:00:53"]
[TimeControl "2700+45"]

1. d4 d5 2. Nf3 Nf6 3. c4 c6 4. cxd5 cxd5 5. Nc3 Nc6 6. e3 Bf5 7. Bd3 Bxd3 8.
Qxd3 e6 9. O-O Be7 10. a3 O-O 11. b4 Rc8 12. Bb2 a6 13. Na4 Ne4 14. Nd2 Nxd2 15.
Qxd2 Bd6 16. f4 Nb8 17. Rac1 Nd7 18. Rxc8 Qxc8 19. Rc1 Qb8 20. Qc2 b6 21. Qc6
Rd8 22. Ba1 Kf8 23. Qc2 Nf6 24. Nc3 Rc8 25. Qb1 Rc4 26. Bb2 Qc7 27. g3 g6 28.
Kg2 Ng4 29. Qd3 f5 30. h3 Nf6 31. Qd1 Kf7 32. Nb1 Ne4 33. Nd2 Rxc1 34. Qxc1 Qxc1
35. Bxc1 Nxd2 36. Bxd2 b5 37. Kf3 Be7 38. Ke2 g5 39. Kf3 gxf4 40. Kxf4 Kf6 41.
g4 Bd6+ 42. Kf3 Kg6 43. Be1 fxg4+ 44. hxg4 Kg5 45. Bg3 Bxg3 46. Kxg3 h6 47. Kf3
Kf6 48. Kf4 Ke7 49. Ke5 Kf7 50. Kf4 Kf6 51. Kg3 e5 52. dxe5+ Kxe5 53. Kf3 Ke6
54. Kf4 Kf6 55. Kg3 Ke5 56. Kf3 Ke6 57. Kf4 Kf6 58. Kg3 Kg5 59. Kf3 Kh4 60. Kf4
Kh3 61. g5 hxg5+ 62. Kxg5 Kg3 63. Kf5 Kf3 64. Ke5 Kxe3 65. Kxd5 {Black resigns}
1-0

[Event "Team 45 45 League T59"]
[Site "Internet Chess Club"]
[Date "2013.12.08"]
[Round "3"]
[White "herrahuu"]
[Black "losscause"]
[Result "0-1"]
[WhiteElo "1495"]
[BlackElo "1607"]
[Opening "Queen's gambit declined"]
[ECO "D30"]
[Time "11:01:16"]
[TimeControl "2700+45"]

1. d4 e6 2. c4 d5 3. Nf3 Bb4+ 4. Bd2 Be7 5. Nc3 c5 6. e3 Nf6 7. cxd5 exd5 8.
dxc5 Bxc5 9. Nd4 O-O 10. Be2 Ne4 11. Nxe4 dxe4 12. Bc3 Qg5 13. Qc2 Bxd4 14. Bxd4
Bf5 15. Rc1 Nc6 16. h4 Qg6 17. Bc4 Nxd4 18. exd4 Qxg2 19. Rf1 Kh8 20. Bxf7 Rxf7
{White resigns} 0-1

[Event "Team 45 45 League T59"]
[Site "Internet Chess Club"]
[Date "2013.12.10"]
[Round "3"]
[White "stanbeers"]
[Black "Berke"]
[Result "1-0"]
[WhiteElo "1505"]
[BlackElo "1453"]
[Opening "English: Anglo-Dutch defense"]
[ECO "A96"]
[Time "13:00:14"]
[TimeControl "2700+45"]

1. c4 f5 2. g3 Nf6 3. Bg2 e6 4. Nf3 Be7 5. O-O O-O 6. Nc3 d6 7. d4 a5 8. Bf4 Qe8
9. Rb1 c5 10. dxc5 dxc5 11. Nb5 Na6 12. Ne5 Nh5 13. Bd2 Qd8 14. a3 Qb6 15. e4
Nf6 16. exf5 exf5 17. Qc2 Be6 18. b3 Rad8 19. Be3 Ne4 20. Nd3 Nc7 21. Nf4 Nxb5
22. cxb5 Bf7 23. a4 Qc7 24. Bxe4 fxe4 25. Qxe4 b6 26. Ne6 Bxe6 27. Qxe6+ Kh8 28.
Bf4 Qb7 29. Rfe1 Bf6 30. Qg4 Bd4 31. Be3 Bxe3 32. Rxe3 Qf7 33. Re2 Rd4 34. Qh3
h6 35. Qg2 Rfd8 36. Ree1 Rd3 37. Qc6 R8d6 38. Re8+ Kh7 39. Qe4+ Qg6 40. Qa8 Qf5
41. Rh8+ Kg6 42. Qe8+ Qf7 43. Qe4+ Qf5 44. Qa8 Rxg3+ 45. hxg3 Qxb1+ 46. Kg2 Qf5
47. Rb8 Rd2 48. Qc6+ Kg5 49. Qf3 Qxf3+ 50. Kxf3 Rd6 51. Rb7 g6 52. Rc7 h5 53.
Rc6 Rxc6 54. bxc6 {Black resigns} 1-0

[Event "Team 45 45 League T59"]
[Site "Internet Chess Club"]
[Date "2013.12.05"]
[Round "3"]
[White "MisterDoob"]
[Black "chess9793"]
[Result "1-0"]
[WhiteElo "2317"]
[BlackElo "2091"]
[Opening "Grünfeld: exchange, classical variation"]
[ECO "D87"]
[Time "23:01:15"]
[TimeControl "2700+45"]

1. d4 Nf6 2. c4 g6 3. Nc3 d5 4. cxd5 Nxd5 5. e4 Nxc3 6. bxc3 Bg7 7. Bc4 c5 8.
Ne2 Nc6 9. Be3 O-O 10. O-O Bg4 11. f3 Bd7 12. Rb1 Qc7 13. Bd3 Rad8 14. Qd2 Bc8
15. Rfc1 b6 16. Bb5 a6 17. Bxc6 Qxc6 18. d5 Qc7 19. c4 f5 20. Bf4 e5 21. Bg5 Rd6
22. a4 a5 23. Nc3 Ba6 24. Nb5 Bxb5 25. Rxb5 f4 26. Rcb1 h6 27. Bh4 g5 28. Be1
Bf6 29. Qb2 Bd8 30. Bc3 Rg6 31. Bxe5 Qd7 32. Bc3 g4 33. Qf2 Qe7 34. e5 g3 35.
Qe2 gxh2+ 36. Kh1 h5 37. e6 h4 38. Qe5 Qh7 39. Qe4 Qh6 40. Re1 Qg5 41. Re2 h3
42. Rbb2 Re8 43. Qe5 Qh6 44. Qf5 Qh7 45. Qxf4 Bg5 46. Qe4 Qh6 47. gxh3 Bf6 48.
Bxf6 Qc1+ 49. Re1 Rg1+ 50. Kxh2 Qxe1 51. Rg2+ Rxg2+ 52. Kxg2 Qd2+ 53. Kg3 Qh6
54. Qf5 b5 55. d6 {Black resigns} 1-0

[Event "Team 45 45 League T59"]
[Site "Internet Chess Club"]
[Date "2013.12.08"]
[Round "3"]
[White "chessfan"]
[Black "santiagoelawad"]
[Result "1-0"]
[WhiteElo "1859"]
[BlackElo "1919"]
[Opening "Caro-Kann: Gurgenidze system"]
[ECO "B15"]
[Time "15:14:06"]
[TimeControl "2700+45"]

1. e4 c6 2. d4 d5 3. Nc3 g6 4. e5 f6 5. Nf3 Bg4 6. h3 Bxf3 7. Qxf3 Qb6 8. Qg4
fxe5 9. Qc8+ Kf7 10. Na4 Qb4+ 11. c3 Qxa4 12. Qxb7 Bg7 13. Qxa8 Nf6 14. dxe5 Ne4
15. Be3 Qc2 16. Qb7 Bxe5 17. Rc1 Qa4 18. Qxa7 Qxa7 19. Bxa7 Nd7 20. Be3 Rb8 21.
Rc2 Rxb2 22. Rxb2 Bxc3+ 23. Rd2 d4 24. Ke2 dxe3 25. Rxd7 exf2 26. Kf3 Ke6 27.
Rd3 Ke5 28. Re3 {Black resigns} 1-0

[Event "Team 45 45 League T59"]
[Site "Internet Chess Club"]
[Date "2013.12.08"]
[Round "3"]
[White "LiangLiang"]
[Black "gerailen0075"]
[Result "0-1"]
[WhiteElo "1655"]
[BlackElo "1967"]
[Opening "French: Tarrasch, open variation"]
[ECO "C07"]
[Time "16:00:18"]
[TimeControl "2700+45"]

1. e4 e6 2. d4 d5 3. Nd2 c5 4. exd5 Qxd5 5. Ngf3 cxd4 6. Bc4 Qd6 7. O-O Nf6 8.
Nb3 Nc6 9. Nfxd4 Nxd4 10. Nxd4 Be7 11. Be3 O-O 12. Nb5 Qb8 13. Qf3 a6 14. Nc3 b5
15. Bd3 Bb7 16. Be4 Nxe4 17. Nxe4 f5 18. Qe2 Bxe4 19. f3 Bd5 20. b3 b4 21. Rad1
Qb5 22. Qe1 Bc5 23. Bxc5 Qxc5+ 24. Kh1 Qxc2 25. Rf2 Qc3 26. Qf1 Rfc8 27. Rfd2
Rc6 {White resigns} 0-1

[Event "Team 45 45 League T59"]
[Site "Internet Chess Club"]
[Date "2013.12.09"]
[Round "3"]
[White "xwang1"]
[Black "Pomberito"]
[Result "0-1"]
[WhiteElo "2138"]
[BlackElo "2120"]
[Opening "Ruy Lopez: closed, Breyer, Gligoric variation"]
[ECO "C95"]
[Time "19:35:05"]
[TimeControl "2700+45"]

1. e4 e5 2. Nf3 Nc6 3. Bb5 a6 4. Ba4 Nf6 5. O-O Be7 6. Re1 b5 7. Bb3 d6 8. c3
O-O 9. h3 Nb8 10. d4 Nbd7 11. Nbd2 Bb7 12. Bc2 c5 13. d5 g6 14. Nf1 Nh5 15. a4
Nb6 16. b3 Bf6 17. Ne3 Nf4 18. Bd3 c4 19. bxc4 Nxa4 20. Bf1 Qd7 21. Ng4 Bg7 22.
g3 h5 23. Ngxe5 dxe5 24. gxf4 exf4 25. e5 Nb6 26. Bxf4 bxc4 27. Rb1 Nxd5 28.
Bxc4 Rad8 29. Bg5 Qxh3 30. Bxd8 Nf4 31. Bf1 Qg4+ 32. Kh2 Bxf3 33. Qxf3 Qxf3 34.
Bh4 Qxc3 35. Rbc1 Qd4 36. Bg3 Ne6 37. Rcd1 Qb4 38. Rb1 Qe7 39. Kh1 h4 40. Bh2
Qc5 41. Kg1 Ng5 42. Rb3 Re8 43. Rbe3 a5 44. Bg2 a4 45. f4 Ne6 46. Kh1 Bh6 47.
Rf3 a3 48. Bg1 Qb4 49. Ra1 Nxf4 50. Raxa3 Nxg2 51. Kxg2 Rxe5 52. Ra8+ Kg7 53.
Ra7 Qg4+ 54. Kf2 Be3+ {White resigns} 0-1

[Event "Team 45 45 League T59"]
[Site "Internet Chess Club"]
[Date "2013.12.07"]
[Round "3"]
[White "Ianjo"]
[Black "Greedy-Reedy"]
[Result "1-0"]
[WhiteElo "1900"]
[BlackElo "1962"]
[Opening "Réti: King's Indian attack"]
[ECO "A05"]
[Time "13:04:54"]
[TimeControl "2700+45"]

1. Nf3 Nf6 2. g3 g6 3. Bg2 Bg7 4. c4 O-O 5. d4 c5 6. Nc3 cxd4 7. Nxd4 Nc6 8. O-O
a6 9. e3 Qc7 10. b3 Rb8 11. Bb2 b6 12. Rc1 e6 13. Nd5 Nxd5 14. cxd5 exd5 15.
Bxd5 Bb7 16. Qd2 Qe5 17. Nxc6 Qxb2 18. Rc2 Qxc2 19. Ne7+ Kh8 20. Qxc2 {Black
resigns} 1-0

[Event "Team 45 45 League T59"]
[Site "Internet Chess Club"]
[Date "2013.12.06"]
[Round "3"]
[White "laurenpar"]
[Black "LuxAeterna"]
[Result "1/2-1/2"]
[WhiteElo "1902"]
[BlackElo "2015"]
[Opening "English opening"]
[ECO "A05"]
[Time "21:02:53"]
[TimeControl "2700+45"]

1. Nf3 Nf6 2. c4 c6 3. g3 d5 4. Bg2 dxc4 5. Qc2 b5 6. a4 Qb6 7. axb5 cxb5 8. b3
Bb7 9. bxc4 Nc6 10. cxb5 Nd4 11. Qb2 e5 12. Nc3 Be7 13. O-O Nxf3+ 14. exf3 O-O
15. Na4 Qe6 16. d4 exd4 17. Qxd4 Rfc8 18. Bb2 Rc4 19. Qe3 Qxe3 20. fxe3 Rc2 21.
Rf2 Rc4 22. Bf1 Rc7 23. Rd1 Rac8 24. e4 Bb4 25. Be5 Rc1 26. Rxc1 Rxc1 27. Kg2 h5
28. Bb2 Rc7 29. h4 Rd7 30. Rc2 Nxe4 31. Rc4 Rd2+ 32. Kg1 Nc5 33. Nxc5 Bxc5+ 34.
Rxc5 Rxb2 35. Rc7 Bxf3 36. Bc4 Be2 37. Bxe2 Rxe2 38. Rxa7 Rb2 39. Rb7 g6 40. Kf1
Kg7 41. Rb6 Kh7 42. Rb7 Kg7 43. Rb6 {Game drawn by mutual agreement} 1/2-1/2

[Event "Team 45 45 League T59"]
[Site "Internet Chess Club"]
[Date "2013.12.07"]
[Round "3"]
[White "iletrado"]
[Black "arhrid"]
[Result "0-1"]
[WhiteElo "1791"]
[BlackElo "1797"]
[Opening "King's Indian: Smyslov system"]
[ECO "E61"]
[Time "14:06:38"]
[TimeControl "2700+45"]

1. d4 Nf6 2. Nf3 g6 3. c4 Bg7 4. Nc3 d6 5. Bg5 O-O 6. e3 h6 7. Bh4 c6 8. Be2 Qe8
9. O-O e5 10. dxe5 dxe5 11. Qd6 Nfd7 12. Be7 e4 13. Nxe4 f5 14. Nc5 Rf7 15. Nxd7
Bxd7 16. Bh4 g5 17. Bg3 Na6 18. Ne5 Re7 19. Nxd7 Rxd7 20. Qa3 Rd2 21. Rae1 f4
22. exf4 Rxe2 23. Rxe2 Qxe2 24. fxg5 hxg5 25. b3 Rd8 26. Qc1 Rd2 27. Re1 Rc2 28.
Qb1 Qd2 29. h3 Rxa2 30. Qe4 Qxe1+ 31. Qxe1 Ra1 32. Qxa1 Bxa1 33. Bb8 Nxb8 {White
resigns} 0-1

[Event "Team 45 45 League T59"]
[Site "Internet Chess Club"]
[Date "2013.12.07"]
[Round "3"]
[White "Otelo"]
[Black "bondguy01"]
[Result "1/2-1/2"]
[WhiteElo "1806"]
[BlackElo "1744"]
[Opening "Sicilian: closed"]
[ECO "B23"]
[Time "15:12:56"]
[TimeControl "2700+45"]

1. e4 c5 2. Nc3 e6 3. f4 d5 4. Nf3 dxe4 5. Nxe4 Nc6 6. Bb5 Bd7 7. O-O Nf6 8.
Nxf6+ Qxf6 9. d3 a6 10. Bxc6 Bxc6 11. c3 Bd6 12. Ng5 Qg6 {Game drawn by mutual
agreement} 1/2-1/2